 Dungeon Crawl Stone Soup version 0.22-a0-135-g6f012ad (webtiles) character file.

13779 Azzok the Fighter (level 11, -4/111 HPs)
             Began as a Minotaur Fighter on Feb 1, 2018.
             Was a High Priest of Okawaru.
             Slain by a manticore (18 damage)
             ... on level 11 of the Dungeon.
             The game lasted 00:33:36 (14973 turns).

Azzok the Fighter (Minotaur Fighter)               Turns: 14973, Time: 00:33:37

Health: -4/111     AC: 12    Str: 23    XL:     11   Next: 80%
Magic:  8/16       EV:  9    Int:  5    God:    Okawaru [*****.]
Gold:   696        SH:  6    Dex: 11    Spells: 10/10 levels left

rFire    . . .     SeeInvis .   a - +4 scimitar
rCold    . . .     Gourm    .   J - +0 buckler of the World {rN+}
rNeg     + + .     Faith    .   G - +0 plate armour
rPois    .         Spirit   .   d - +2 hat
rElec    .         Reflect  .   (no cloak)
rCorr    .         Harm     .   (no gloves)
MR       .....                  K - +0 pair of boots
Stlth    ..........             (no amulet)
HPRegen  0.28/turn              Q - ring of positive energy
MPRegen  0.15/turn              (no ring)

@: heroism, barbed spikes
A: retaliatory headbutt, horns 2, deformed body
a: Heroism, Finesse, Renounce Religion


You were on level 11 of the Dungeon.
You worshipped Okawaru.
Okawaru was extremely pleased with you.
You were not hungry.

You visited 1 branch of the dungeon, and saw 11 of its levels.
You also visited: Sewer.

You collected 696 gold pieces.

Inventory:

Hand Weapons
 a - a +4 scimitar (weapon)
 b - a +1 falchion of holy wrath
 v - a +0 shortbow
Missiles
 h - 306 arrows
Armour
 c - a +0 shield
 d - a +2 hat (worn)
 G - a +0 plate armour (worn)
 J - the +0 buckler of the World (worn) {rN+}
   (You found it on level 10 of the Dungeon)

   It protects you from negative energy.
 K - a +0 pair of boots (worn)
Jewellery
 N - an uncursed amulet of guardian spirit
 Q - a ring of positive energy (left hand)
Wands
 e - a wand of random effects (32)
 w - a wand of polymorph (6)
 C - a wand of paralysis (4) (quivered)
Scrolls
 k - a scroll of magic mapping
 l - a scroll of fear
 o - 3 scrolls of remove curse
 q - 4 scrolls of identify
 r - a scroll of enchant weapon {unknown}
 t - 2 scrolls of immolation {unknown}
 y - 6 scrolls of teleportation
 D - 3 scrolls of enchant armour {unknown}
 F - a scroll of amnesia {unknown}
 H - a scroll of holy word {unknown}
Potions
 g - a potion of heal wounds {unknown}
 i - 3 potions of invisibility {unknown}
 j - 2 potions of berserk rage {unknown}
 m - 3 potions of flight {unknown}
 p - a potion of haste {unknown}
 s - a potion of mutation {unknown}
 u - 2 potions of lignification {unknown}
 x - 4 potions of brilliance {unknown}
 z - a potion of cancellation {unknown}
 B - a potion of degeneration {unknown}
 E - a potion of ambrosia {unknown}
 I - 3 potions of curing
 L - a potion of agility {unknown}
 M - a potion of magic {unknown}
Books
 n - a book of Debilitation

   Spells                             Type                      Level
   a - Corona                         Hexes                        1
   b - Slow                           Hexes                        2
   c - Inner Flame                    Hexes/Fire                   3
   d - Portal Projectile              Hexes/Translocation          3
   e - Cause Fear                     Hexes                        4
   f - Leda's Liquefaction            Hexes/Earth                  4
 A - a book of Beasts

   Spells                             Type                      Level
   a - Summon Butterflies             Summoning                    1
   b - Call Canine Familiar           Summoning                    3
   c - Summon Ice Beast               Ice/Summoning                4
   d - Summon Mana Viper              Hexes/Summoning              5
   e - Summon Hydra                   Summoning                    7
Comestibles
 f - 18 rations


   Skills:
 - Level 14.4(19.4) Fighting
 - Level 2.4(7.4) Long Blades
 * Level 12.7(17.7) Bows
 - Level 3.6(8.6) Armour
 - Level 3.6(8.6) Shields
 + Level 8.5 Invocations


You had 10 spell levels left.
You didn't know any spells.

Dungeon Overview and Level Annotations

Branches:
Dungeon (11/15)            Temple (0/1) D:5            Lair (0/6) D:8
    Orc: D:9-12

Altars:
Cheibriados
Fedhas
Gozag
Hepliaklqana
Kikubaaqudgha
Nemelex Xobeh
Okawaru
Qazlal
Ru
Sif Muna
Trog
Uskayaw
Vehumet
Wu Jian
Xom


Innate Abilities, Weirdness & Mutations

You reflexively headbutt those who attack you in melee.
You have a pair of horns on your head.
Armour fits poorly on your strangely shaped body.


Message History

The manticore barely misses you. The manticore claws you!
* * * LOW HITPOINT WARNING * * *
You closely miss the manticore. The manticore barely misses you.
You furiously retaliate!
You headbutt the manticore, but do no damage.
The manticore completely misses you. The manticore barely misses you.
You closely miss the manticore.
You headbutt the manticore, but do no damage.
The manticore bites you but does no damage.
The manticore claws you.
* * * LOW HITPOINT WARNING * * *
The manticore barely misses you. The manticore bites you!
* * * LOW HITPOINT WARNING * * *
The manticore claws you.
* * * LOW HITPOINT WARNING * * *
The manticore claws you.
* * * LOW HITPOINT WARNING * * *
You gain the combat prowess of a mighty hero.
The manticore bites you!!
You die...

▒··▒ ▒···▒ ▒···▒▒$(▒
·$······▒
▒▒▒····(▒▒▒▒▒▒▒▒
▒············▒
▒▒··········▒▒
▒▒······▒▒▒▒
▒▒······▒▒ ▒▒@H······▒
▒▒▒ ▒▒·········▒ ▒·▒▒▒
▒▒··········▒
▒···▒▒▒·······▒▒▒▒▒
▒▒···········▒▒
▒▒··········▒ ▒▒▒▒
▒▒·······)··▒
▒▒··▒▒▒·······<···▒▒
▒▒··················▒▒


You could see a manticore.

Vanquished Creatures
  Erolcha (D:10)
  3 two-headed ogres
  An unseen horror (D:10)
  A cyclops (D:11)
  The ghost of Azzok the Carver, a novice MiFi (D:6)
  Psyche (D:7)
  A kobold demonologist (D:11)
  A queen bee (D:8)
  Sigmund (D:4)
  A vampire (D:11)
  A shadow (D:11)
  A wraith (D:10)
  A wyvern (D:9)
  A hungry ghost (D:6)
  A steam dragon (D:8)
  Duvessa (D:7)
  6 orc warriors
  4 sky beasts
  A black bear (D:10)
  2 phantoms
  3 ice beasts
  9 ogres
  An eye of draining (D:11)
  4 centaurs
  9 big kobolds
  2 crocodiles
  8 bullfrogs
  A gnoll sergeant (D:10)
  Dowan (D:7)
  2 scorpions
  38 killer bees
  5 howler monkeys
  8 wights
  A bullfrog zombie (D:8)
  2 centaur zombies (D:5)
  A crimson imp (D:10)
  4 orc priests
  4 hounds
  5 jellies
  2 centaur skeletons
  A bullfrog skeleton (D:4)
  2 iguanas
  4 orc wizards
  10 worker ants
  2 killer bee zombies
  2 hound zombies
  2 hound skeletons
  4 worker ant zombies
  13 gnolls
  A howler monkey skeleton (D:11)
  22 adders
  3 river rats (Sewer)
  4 oozes
  3 adder skeletons
  3 adder zombies
  4 worms
  4 dart slugs
  11 leopard geckos
  33 orcs
  6 ball pythons
  3 bats
  11 giant cockroaches
  8 goblins
  13 hobgoblins
  6 jackals
  7 quokkas
  2 frilled lizards
  A jackal zombie (D:5)
  31 kobolds
  A quokka skeleton (D:6)
  A quokka zombie (D:5)
  9 rats
368 creatures vanquished.

Vanquished Creatures (others)
  13 fungi (D:8)
  13 plants (D:8)
26 creatures vanquished.

Grand Total: 394 creatures vanquished

Notes
Turn   | Place    | Note
-------+----------+-------------------------------------------
     0 | D:1      | Azzok the Minotaur Fighter began the quest for the Orb.
     0 | D:1      | Reached XP level 1. HP: 19/19 MP: 0/0
    22 | D:1      | Reached skill level 4 in Fighting
   142 | D:1      | Reached XP level 2. HP: 26/28 MP: 1/1
   379 | D:1      | Reached skill level 5 in Fighting
   557 | D:1      | Reached XP level 3. HP: 33/36 MP: 2/2
  1241 | D:2      | Reached XP level 4. HP: 43/44 MP: 3/3
  1259 | D:2      | Reached skill level 6 in Fighting
  1493 | D:2      | Found a deep blue altar of Sif Muna.
  1801 | D:3      | Reached skill level 7 in Fighting
  1801 | D:3      | Reached XP level 5. HP: 52/52 MP: 4/4
  1838 | D:3      | Found a bloodstained altar of Trog.
  2415 | D:4      | Noticed an ogre
  2425 | D:4      | HP: 1/53 [ogre/giant club (21)]
  2426 | D:4      | Killed an ogre
  2426 | D:4      | Reached skill level 8 in Fighting
  2426 | D:4      | Reached XP level 6. HP: 2/62 MP: 5/5
  2850 | D:4      | Reached skill level 9 in Fighting
  3049 | D:4      | Found a sparkling altar of Nemelex Xobeh.
  3158 | D:4      | Reached XP level 7. HP: 41/71 MP: 6/6
  3316 | D:4      | Noticed Sigmund
  3326 | D:4      | Killed Sigmund
  3326 | D:4      | Reached skill level 10 in Fighting
  3645 | D:5      | Entered Level 5 of the Dungeon
  3715 | D:5      | Found a hazy altar of Hepliaklqana.
  3742 | D:5      | Found an iron altar of Okawaru.
  3745 | D:5      | Became a worshipper of Warmaster Okawaru
  3778 | D:5      | Reached skill level 11 in Fighting
  3846 | D:5      | Found a glowing drain.
  3881 | Sewer    | Entered a sewer
  4039 | Sewer    | Reached XP level 8. HP: 54/82 MP: 7/7
  4276 | Sewer    | Reached skill level 12 in Fighting
  4348 | Sewer    | Reached * piety under Okawaru
  4608 | D:5      | Found a staircase to the Ecumenical Temple.
  4646 | D:5      | Found a blossoming altar of Fedhas.
  4802 | D:5      | Reached skill level 13 in Fighting
  4897 | D:5      | Found a shimmering altar of Xom.
  5113 | D:6      | Noticed Azzok's ghost (novice MiFi)
  5132 | D:6      | Killed Azzok's ghost
  5132 | D:6      | Reached ** piety under Okawaru
  5132 | D:6      | Reached skill level 14 in Fighting
  5132 | D:6      | Reached XP level 9. HP: 93/95 MP: 5/8
  5228 | D:6      | Found an opulent altar of Gozag.
  5367 | D:6      | Found a stormy altar of Qazlal.
  5463 | D:6      | Found a snail-covered altar of Cheibriados.
  5463 | D:6      | Found a hide-covered altar of Uskayaw.
  5468 | D:6      | Found a radiant altar of Vehumet.
  5468 | D:6      | Found an ornate altar of the Wu Jian Council.
  5502 | D:6      | Reached skill level 1 in Bows
  5521 | D:6      | Reached skill level 1 in Invocations
  6403 | D:7      | Noticed Dowan
  6406 | D:7      | Noticed Duvessa
  6587 | D:7      | Reached *** piety under Okawaru
  6587 | D:7      | Reached skill level 5 in Bows
  6802 | D:7      | Found an ancient bone altar of Kikubaaqudgha.
  7143 | D:7      | Killed Duvessa
  7150 | D:7      | Killed Dowan
  7489 | D:8      | Noticed Psyche
  7504 | D:7      | Killed Psyche
  7504 | D:7      | Received a gift from Okawaru
  7504 | D:7      | Reached XP level 10. HP: 85/104 MP: 8/11
  8185 | D:8      | Reached skill level 5 in Invocations
  8187 | D:8      | Reached **** piety under Okawaru
  8329 | D:8      | Found a staircase to the Lair.
  9588 | D:9      | Reached skill level 10 in Bows
  9783 | D:9      | Noticed a two-headed ogre
 10332 | D:9      | Received a gift from Okawaru
 10386 | D:9      | Reached XP level 11. HP: 84/111 MP: 14/14
 10756 | D:10     | Entered Level 10 of the Dungeon
 11182 | D:10     | Killed an unseen horror
 11182 | D:10     | Reached ***** piety under Okawaru
 11316 | D:10     | Got a transparent buckler
 11327 | D:10     | Identified the cursed +0 buckler of the World {rN+} (You found it on level 10 of the Dungeon)
 11372 | D:10     | Noticed Erolcha
 11393 | D:10     | Killed Erolcha
 11393 | D:10     | Received a gift from Okawaru
 11751 | D:10     | Noticed a two-headed ogre
 11761 | D:10     | Killed a two-headed ogre
 11761 | D:10     | Received a gift from Okawaru
 12061 | D:10     | Found an ornate altar of the Wu Jian Council.
 12804 | D:10     | Noticed a two-headed ogre
 12814 | D:10     | Killed a two-headed ogre
 13130 | D:11     | Gained mutation: Armour fits poorly on your strangely shaped body. [mutagenic glow]
 13182 | D:11     | Found a sacrificial altar of Ru.
 14067 | D:11     | Received a gift from Okawaru
 14171 | D:11     | Noticed a two-headed ogre
 14303 | D:11     | Killed a two-headed ogre
 14566 | D:11     | HP: 2/111 [cyclops (26)]
 14973 | D:11     | Slain by a manticore

Vault maps used:
D:1:      tarquinn_simple_flora_water_d, lemuel_old_faithful
D:2:      lemuel_doored_altar, first_ration, minivault_4
D:3:      bloody_trog
D:4:      nemelex_xobeh_ov_fountains_minmay, uniq_sigmund
D:5:      lemuel_crystal_altar, kennysheep_mini, kennysheep_mini_moat,
          minmay_temple_entry_glass, gup_sewer_entry_pipe, lemuel_statue_altar
D:6:      minmay_opposing_rooms, overflow_temple_1_default,
          nicolae_gozag_cash_rules_everything_around_me,
          grunt_temple_overflow_cloverleaf, hangedman_decor_slide_cut
D:7:      nicolae_overflow_hidden_temple, uniq_duvessa
D:8:      grunt_lair_entry_orc_guard_hut, david_nohive_1, uniq_psyche
D:9:      grunt_ministairs_1
D:10:     basic_altar, hangedman_decor_points, uniq_erolcha
D:11:     nicolae_ru_path_of_blood
Sewer:    sewer_co_tree

Skill      XL: |  1  2  3  4  5  6  7  8  9 10 11 |
---------------+----------------------------------+-----
Fighting       | 4 5 7 8 9 11 14 | 14.4
Bows           | 6 10 12 | 12.7
Invocations    | 3 6 8 |  8.5
Long Blades    | |  2.4
Armour         | |  3.6
Shields        | |  3.6

Action                   |  1- 3 |  4- 6 |  7- 9 | 10-12 || total
-------------------------+-------+-------+-------+-------++-------
Melee: Long sword        |   116 |   160 |   394 |     2 ||   672
       Headbutt          |    13 |    25 |    93 |    97 ||   228
       Falchion          |       |       |    14 |     5 ||    19
       Scimitar          |       |       |       |   503 ||   503
Invok: Heroism           |       |       |     5 |     9 ||    14
Evoke: Wand              |       |       |       |     5 ||     5
  Use: Potion            |       |     1 |     1 |     2 ||     4
       Scroll            |       |       |     3 |     4 ||     7
  Eat: Chunk             |     1 |     7 |    13 |    18 ||    39
       Ration            |       |       |     1 |     2 ||     3
Armor: Scale mail        |    41 |    47 |    62 |       ||   150
       Chain mail        |       |       |   101 |    46 ||   147
       Plate armour      |       |       |       |   318 ||   318
Dodge: Dodged            |    29 |    34 |    90 |   170 ||   323
Block: Shield            |    48 |    74 |   205 |   252 ||   579
       Buckler           |       |       |       |    50 ||    50
       Rpst.: Long sword |    10 |    10 |    22 |       ||    42
       Scimitar          |       |       |       |    49 ||    49

Table legend:
 A = Spawn XP
 B = Non-spawn XP
 C = Spawn XP percentage of total XP
 D = Spawn monster count
 E = Non-spawn monster count
 F = Spawn count percentage of total count
 G = Total turns spent on level
                    A         B        C        D         E        F      G
               +---------+---------+-------+---------+---------+-------+---------
         Total |       0 |   19685 |   0.0 |       0 |     368 |   0.0 | 14973
               +---------+---------+-------+---------+---------+-------+---------
           D:1 |       0 |      47 |   0.0 |       0 |      25 |   0.0 |   849
           D:2 |       0 |     138 |   0.0 |       0 |      31 |   0.0 |   926
           D:3 |       0 |      78 |   0.0 |       0 |      21 |   0.0 |   598
           D:4 |       0 |     836 |   0.0 |       0 |      18 |   0.0 |  1272
           D:5 |       0 |     745 |   0.0 |       0 |      33 |   0.0 |   769
           D:6 |       0 |    1651 |   0.0 |       0 |      24 |   0.0 |  1290
           D:7 |       0 |    1455 |   0.0 |       0 |      29 |   0.0 |  1173
           D:8 |       0 |    4264 |   0.0 |       0 |      77 |   0.0 |  2460
           D:9 |       0 |    1253 |   0.0 |       0 |      22 |   0.0 |  1017
          D:10 |       0 |    5030 |   0.0 |       0 |      29 |   0.0 |  2793
          D:11 |       0 |    3544 |   0.0 |       0 |      31 |   0.0 |  1187
         Sewer |       0 |     644 |   0.0 |       0 |      28 |   0.0 |   639
               +---------+---------+-------+---------+---------+-------+---------
